 Dungeon Crawl Stone Soup version 0.24.0-37-gcf1ca852f1 (webtiles) character file.

Game seed: 16925243484882686379, levelgen mode: deterministic

156 Ahmontep the Cudgeler (level 5, -2/41 HPs)
             Began as a Mummy Fighter on Dec 3, 2019.
             Was an Initiate of Dithmenos.
             Slain by Natasha (7 damage)
             ... on level 2 of the Dungeon.
             The game lasted 00:02:53 (2282 turns).

Ahmontep the Cudgeler (Mummy Fighter)               Turns: 2282, Time: 00:02:54

Health: -2/41      AC:  7    Str: 19    XL:     5   Next: 15%
Magic:  5/5        EV:  7    Int:  9    God:    Dithmenos [......]
Gold:   171        SH:  8    Dex: 11    Spells: 4/4 levels left

rFire    x . .     SeeInvis .   a - +0 flail
rCold    + . .     Gourm    .   c - +0 shield
rNeg     + + +     Faith    .   b - +0 scale mail
rPois    ∞         Spirit   .   (no helmet)
rElec    .         Reflect  .   f - +0 cloak
rCorr    .         Harm     .   (no gloves)
MR       .....                  (no boots)
Stlth    ..........             (no amulet)
HPRegen  0.13/turn              (no ring)
MPRegen  0.09/turn              (no ring)

@: slowed, very slow
A: no food or potions, fire vulnerability, cold resistance 1, negative energy
resistance 3, torment resistance, unbreathing
a: Renounce Religion


You were on level 2 of the Dungeon.
You worshipped Dithmenos.
Dithmenos was noncommittal.
You were not hungry.

You visited 1 branch of the dungeon, and saw 2 of its levels.

You collected 171 gold pieces.

Inventory:

Hand Weapons
 a - a +0 flail (weapon)
Armour
 b - a +0 scale mail (worn)
 c - a +0 shield (worn)
 f - a +0 cloak (worn)
Scrolls
 d - 3 scrolls of teleportation {unknown}
 e - 3 scrolls of identify {unknown}
 g - a scroll of enchant armour {unknown}
 h - a scroll of fear {unknown}
 i - a scroll of remove curse {unknown}


   Skills:
 - Level 3.0 Fighting
 + Level 4.5 Maces & Flails
 - Level 2.4 Armour
 - Level 2.4 Shields


You had 4 spell levels left.
You didn't know any spells.
Your spell library was empty.

Dungeon Overview and Level Annotations

Branches:
Dungeon (2/15)

Altars:
Cheibriados
Dithmenos

Annotations:
D:2 Natasha


Innate Abilities, Weirdness & Mutations

You do not eat or drink.
Your flesh is vulnerable to fire.
You are immune to poison.
Your flesh is cold resistant. (rC+)
You are immune to negative energy. (rN+++)
You are immune to unholy pain and torment.
You can survive without breathing.


Message History

Natasha wildly gestures.
Natasha shimmers violently.
You block Natasha's attack.
Okay, then.
Okay, then.
That item cannot be evoked!
You barely miss Natasha.
Natasha is moderately wounded.
You block Natasha's attack.
The crimson imp blinks!
Natasha claws you.
* * * LOW HITPOINT WARNING * * *
You hit Natasha but do no damage.
Natasha is moderately wounded.
Natasha claws you but does no damage. You block Natasha's attack.
You barely miss Natasha.
Natasha is moderately wounded.
Natasha claws you but does no damage.
The crimson imp blinks!
You closely miss Natasha.
Natasha is moderately wounded.
Natasha claws you!
You die...

**,,,,,*,,,,,,,*,* #.#
**,****#.........* #.#
,,,,,,,...+.,#..#####.#
,,,,,,,,....**#.....#.####
******,,*#..###..##......#
*.,**#..#..###...##.#
**...##.....##5....#.#
**,.................#.#
*,,,*#...†...@h##..##.#
*,,**##..._...####....#
****,,,*#.........#*..####
,,,,,,.................,*
******#..##.....##..##.#*
,,,,,,..**#..#..#*#..#,*
******.,*#..###..**..#,*
*,,,...**#...,,.#,*
******,,*,,****,*,*


You could see Natasha and a crimson imp.

Vanquished Creatures
  Natasha (twice) (D:2)
  3 adders (D:2)
  2 oozes (D:1)
  4 worms
  3 dart slugs (D:1)
  4 bats (D:1)
  5 giant cockroaches (D:1)
  5 goblins
  3 hobgoblins (D:1)
  7 jackals (D:1)
  A quokka (D:2)
  A frilled lizard (D:1)
  7 kobolds
  8 rats
55 creatures vanquished.

Notes
Turn   | Place    | Note
-------+----------+-------------------------------------------
     0 | D:1      | Ahmontep the Mummy Fighter began the quest for the Orb.
     0 | D:1      | Reached XP level 1. HP: 18/18 MP: 1/1
     1 | D:1      | Found a runed translucent door.
   122 | D:1      | Reached skill level 2 in Maces & Flails
   142 | D:1      | Reached XP level 2. HP: 18/24 MP: 2/2
   638 | D:1      | Reached XP level 3. HP: 29/29 MP: 3/3
   788 | D:1      | Reached skill level 3 in Maces & Flails
  1252 | D:2      | Found a shadowy altar of Dithmenos.
  1268 | D:2      | Reached XP level 4. HP: 33/35 MP: 4/4
  1310 | D:2      | Became a worshipper of Dithmenos the Shadowed
  1709 | D:2      | Reached skill level 4 in Maces & Flails
  1757 | D:2      | Found a snail-covered altar of Cheibriados.
  1995 | D:2      | Noticed Natasha
  2004 | D:2      | Killed Natasha
  2244 | D:2      | Found a shadowy altar of Dithmenos.
  2250 | D:2      | Noticed Natasha
  2265 | D:2      | Killed Natasha
  2265 | D:2      | Reached XP level 5. HP: 35/41 MP: 5/5
  2266 | D:2      | Noticed Natasha
  2282 | D:2      | Slain by Natasha

Levels and vault maps discovered:
D:1:      dpeg_arrival_caged_fury, layout_basic
D:2:      layout_basic, nicolae_overflow_crystal_walls,
          nicolae_dithmenos_shadow_blocks, first_ration, uniq_natasha

Skill      XL: |  1  2  3  4 |
---------------+-------------+-----
Maces & Flails | 2 3 4 |  4.5
Fighting       | |  3.0
Armour         | |  2.4
Shields        | |  2.4

Action                   |  1- 3 |  4- 6 || total
-------------------------+-------+-------++-------
Melee: Flail             |   147 |    81 ||   228
Armor: Scale mail        |    59 |    33 ||    92
Dodge: Dodged            |    42 |    30 ||    72
Block: Shield            |    68 |    34 ||   102
